 Dungeon Crawl Stone Soup version 0.26-a0-52-gd53d4cd (webtiles) character file.

Game seed: 6390125168299650450

2 thirtiethelement the Skirmisher (level 1, -2/12 HPs)
             Began as a Demonspawn Abyssal Knight on June 6, 2020.
             Was an Initiate of Lugonu.
             Slain by a kobold
             ... wielding a +0 dagger
              (3 damage)
             ... on level 1 of the Dungeon.
             The game lasted 00:01:00 (328 turns).

thirtiethelement the Skirmisher (DsAK)               Turns: 328, Time: 00:01:01

Health: -2/12      AC:  3    Str: 12    XL:     1   Next: 33%
Magic:  2/2        EV: 11    Int: 13    God:    Lugonu [......]
Gold:   13         SH:  5    Dex: 12    Spells: 0/0 levels left

rFire    . . .     SeeInvis .   a - +1 falchion
rCold    . . .     Gourm    .   (no shield)
rNeg     . . .     Faith    .   b - +0 leather armour
rPois    .         Spirit   .   (no helmet)
rElec    .         Reflect  +   (no cloak)
rCorr    .         Harm     .   (no gloves)
MR       .....                  (no boots)
Stlth    ++........             d - amulet of reflection
HPRegen  0.00/turn              g - ring of stealth
MPRegen  0.08/turn              (no ring)

@: no status effects
A: [frail 3], [inhibited regeneration]
a: Renounce Religion


You were on level 1 of the Dungeon.
You worshipped Lugonu.
Lugonu was noncommittal.
You were not hungry.

You visited 1 branch of the dungeon, and saw 1 of its levels.
You visited the Abyss 1 time.

You collected 13 gold pieces.

Inventory:

Hand Weapons
 a - a +1 falchion (weapon)
Armour
 b - a +0 leather armour (worn)
Jewellery
 d - an amulet of reflection (around neck)
 g - a ring of stealth (left hand)
Wands
 h - a wand of flame (20)
Potions
 e - a potion of might {unknown}
 f - 2 potions of cancellation {unknown}
Comestibles
 c - a ration


   Skills:
 + Level 3.1 Fighting
 + Level 1.7 Long Blades
 + Level 1.7 Armour
 + Level 0.8 Dodging
 + Level 2.4 Invocations


You couldn't memorise any spells.
You didn't know any spells.
Your spell library was empty.

Dungeon Overview and Level Annotations

Branches:
Dungeon (1/15)

Altars:


Innate Abilities, Weirdness & Mutations

[You are extremely frail. (-30% HP)]
[You do not regenerate when monsters are visible.]


Message History

The kobold hits you but does no damage.
You are too injured to fight recklessly!
You are too injured to fight recklessly!
You are too injured to fight recklessly!
You are too injured to fight recklessly!
You closely miss the hobgoblin.
The hobgoblin is almost dead.
A rat comes into view.
The goblin closely misses you.
A hobgoblin comes into view. It is wielding a +0 club.
The hobgoblin hits you.
* * * LOW HITPOINT WARNING * * *
The kobold hits you but does no damage.
You hit the hobgoblin.
You kill the hobgoblin!
Lugonu accepts your kill. The goblin hits you with a +0 club.
* * * LOW HITPOINT WARNING * * *
The kobold hits you with a +0 dagger.
You die...

#...♣.........
#♣........#∩#.
#♣.......#.#
##.....## ##∩####
#.##.# # #..#.#
.##..
.#####.#.#...g..
#......).@g......
...####...K......
....###r###..
###### .# #


You could see a hobgoblin, a goblin, a kobold and a rat.

Vanquished Creatures
  A goblin (D:1)
  A hobgoblin (D:1)
2 creatures vanquished.

Notes
Turn   | Place    | Note
-------+----------+-------------------------------------------
     0 | Abyss:1  | thirtiethelement the Demonspawn Abyssal Knight began the
                  | quest for the Orb.
     0 | Abyss:1  | Reached XP level 1. HP: 18/18 MP: 2/2
    28 | Abyss:2  | Noticed a wretched star
    48 | Abyss:3  | Found a hide-covered altar of Uskayaw.
    89 | Abyss:3  | Noticed a smoke demon
   101 | Abyss:3  | Noticed a starcursed mass
   117 | D:1      | Escaped the Abyss
   328 | D:1      | Slain by a kobold

Illustrated notes

Levels and vault maps discovered:
D:1:      nzn_arrival_settlement, layout_loops_ring, minmay_lizard_pond

Action                   || total
-------------------------++-------
Melee: Falchion          ||     7
Invok: Depart the Abyss  ||     1
Armor: Leather armour    ||     2
Dodge: Dodged            ||     4
Block: Other             ||     3

Table legend:
 A = Non-vault XP
 B = Vault XP
 C = Vault XP percentage of total XP
 D = Non-vault monster count
 E = Vault monster count
 F = Vault count percentage of total count
                 A         B        C        D         E       F
            +---------+---------+-------+---------+---------+-------
      Total |       4 |       0 |   0.0 |       2 |       0 |   0.0
            +---------+---------+-------+---------+---------+-------
        D:1 |       4 |       0 |   0.0 |       2 |       0 |   0.0
            +---------+---------+-------+---------+---------+-------
